 Dungeon Crawl Stone Soup version 0.19-a0-1081-g506d7b7 (webtiles) character file.

88 Kurtz the Cudgeler (level 4, -2/35 HPs)
             Began as a Mummy Berserker on Aug 6, 2016.
             Was a Believer of Trog.
             Killed from afar by an orc wizard (10 damage)
             ... with a puff of flame
             ... on level 3 of the Dungeon.
             The game lasted 00:02:10 (2329 turns).

Kurtz the Cudgeler (Mummy Berserker)                Turns: 2329, Time: 00:02:11

Health: -2/35      AC:  9    Str: 20    XL:     4   Next: 29%
Magic:  4/4        EV:  8    Int:  6    God:    Trog [**....]
Gold:   76         SH:  3    Dex: 12    Spells: 0 memorised, 3 levels left

rFire  x . .     SeeInvis .     j - +0 flail
rCold  + . .     Gourm    .     g - +0 chain mail (curse)
rNeg   + + +     Faith    .     (no shield)
rPois  ∞         Spirit   .     (no helmet)
rElec  .         Dismiss  .     (no cloak)
rCorr  .         Reflect  +     (no gloves)
SustAt .         Harm     .     h - +0 pair of boots
MR     .....                    i - +3 amulet of reflection
Stlth  ..........               (no ring)
                                f - ring of flight

@:
A: no food or potions, fire vulnerability, cold resistance 1, negative energy
resistance 3, torment resistance, unbreathing
a: Trog's Hand, Burn Spellbooks, Renounce Religion, Evoke Flight


You were on level 3 of the Dungeon.
You worshipped Trog.
Trog was pleased with you.
You were not hungry.

You visited 1 branch of the dungeon, and saw 3 of its levels.

You collected 76 gold pieces.

Inventory:

Hand Weapons
 a - a +0 mace
 j - a +0 flail (weapon)
Armour
 b - a +0 animal skin
 d - a +0 ring mail
 g - a cursed +0 chain mail (worn)
 h - a +0 pair of boots (worn)
Jewellery
 f - a ring of flight (left hand)
 i - a +3 amulet of reflection (around neck)
Scrolls
 c - a scroll of identify {unknown}
 e - 4 scrolls of enchant armour {unknown}
 k - 3 scrolls of recharging {unknown}
 l - a scroll of random uselessness {unknown}


   Skills:
 - Level 3.0 Fighting
 * Level 4.2 Maces & Flails
 - Level 1.5 Armour
 - Level 1.5 Dodging


You had 3 spell levels left.
You didn't know any spells.

Dungeon Overview and Level Annotations

Branches:
Dungeon (3/15)

Altars:
Xom
Zin

Annotations:
D:2 Sigmund


Innate Abilities, Weirdness & Mutations

You do not eat or drink.
Your flesh is vulnerable to fire.
You are immune to poison.
Your flesh is cold resistant. (rC+)
You are immune to negative energy. (rN+++)
You are immune to unholy pain and torment.
You can survive without breathing.


Message History

You hear some strange, mumbled words.
Something tries to affect you, but you resist.
You sock something! Something hits you. Something hits you but does no damage.
You closely miss something. Something hits you but does no damage.
You hit something but do no damage.
You hear some strange, mumbled words.
A puff of flame appears from out of thin air!
The puff of flame misses you.
There is an open door here.
A magic dart appears from out of thin air!
The magic dart hits you!
There is an open door here.
A magic dart appears from out of thin air!
The magic dart hits you!
A magic dart appears from out of thin air!
The magic dart hits you!
* * * LOW HITPOINT WARNING * * *
A puff of flame appears from out of thin air!
The puff of flame hits you! The fire burns you terribly!
You die...

##)##........##.# ##
#)############.# .#
#.# #.# .# ##'##
##.# .# ##...## #..#
.###.....## ###.##
.##.......## ##.#.#
.#....(....####....#
.'........o'....@..#
##.........####....#
##.......## ##.#<#
##.....## #...#
##...## #.### ##'##
#.# #.# #.#
######.### #.#
.........# #.#


You could see an orc priest.

Vanquished Creatures
  An orc wizard (D:3)
  An adder (D:3)
  2 worms (D:2)
  A giant gecko (D:2)
  4 orcs (D:3)
  2 giant cockroaches (D:1)
  6 goblins
  4 hobgoblins
  A jackal (D:1)
  4 bats
  2 giant newts (D:1)
  4 kobolds
  7 rats (D:1)
39 creatures vanquished.

Notes
Turn   | Place    | Note
-------+----------+-------------------------------------------
     0 | D:1      | Kurtz the Mummy Berserker began the quest for the Orb.
     0 | D:1      | Reached XP level 1. HP: 18/18 MP: 1/1
   300 | D:1      | Reached XP level 2. HP: 11/24 MP: 2/2
   486 | D:1      | Reached skill level 3 in Maces & Flails
  1034 | D:2      | Noticed an angel
  1038 | D:2      | Found a glowing silver altar of Zin.
  1039 | D:2      | Found a shimmering altar of Xom.
  1477 | D:2      | Noticed Sigmund
  1504 | D:1      | Reached XP level 3. HP: 6/29 MP: 3/3
  1864 | D:3      | Reached ** piety under Trog
  2119 | D:3      | Reached skill level 4 in Maces & Flails
  2119 | D:3      | Reached XP level 4. HP: 6/35 MP: 4/4
  2329 | D:3      | Killed from afar by an orc wizard

Vault maps used:
D:1:      tarquinn_simple_flora_water_a
D:2:      grunt_temple_overflow_order_and_chaos_1, st_stairs_7, uniq_sigmund
D:3:      grunt_temple_overflow_open

Skill      XL: |  1  2  3 |
---------------+----------+-----
Maces & Flails | 3 4 |  4.2
Fighting       | |  3.0
Armour         | |  1.5
Dodging        | |  1.5

Action                   |  1- 3 |  4- 6 || total
-------------------------+-------+-------++-------
Melee: Mace              |   128 |       ||   128
       Flail             |       |    16 ||    16
Invok: Trog's Hand       |     1 |       ||     1
Armor: Animal skin       |     4 |       ||     4
       Chain mail        |    55 |     8 ||    63
       Ring mail         |     5 |       ||     5
Dodge: Dodged            |    60 |     3 ||    63
Block: Other             |     2 |     1 ||     3
